[Event "28th CRO-chT 1A-Men 2019"]
[Site "Mali Losinj"]
[Date "2019.10.06"]
[Round "9.23"]
[White "Jovanic, Ognjen"]
[Black "Sindik, Ervin"]
[Result "1-0"]
[ECO "A48"]
[WhiteElo "2532"]
[BlackElo "2283"]
[Annotator "ChessBase"]
[PlyCount "83"]
[EventDate "2019.09.28"]
[EventType "team-tourn"]
[EventCountry "CRO"]
[SourceTitle "playchess.com"]
[Source "ChessBase"]
[SourceQuality "1"]
[TimeControl "40/5400+30:1800+30"]

1. d4 Nf6 2. Nf3 c5 3. e3 g6 4. dxc5 Qa5+ 5. Bd2 Qxc5 6. c4 Ne4 7. Nc3 Nxd2 8. Qxd2 Bg7 9. Rc1 b6 10. Be2 Bb7 11. O-O Na6 12. Rfd1 Rd8 13. Nb5 Nb4 14. a3 Nc6 15. Nc7+ Kf8 16. Nd5 Qd6 17. Qc2 Qb8 18. b4 Ne5 19. Nxe5 Bxe5 20. f4 Bxd5 21. cxd5 Bf6 22. Qc7 Bb2 23. Qxb8 Rxb8 24. Rc2 Bf6 25. Rc7 a5 26. Rxd7 Kg7 27. d6 exd6 28. Bc4 Rhf8 29. R1xd6 b5 30. Bd5 axb4 31. axb4 Bc3 32. Rc6 Bd2 33. Kf2 Rbe8 34. Rcc7 Bxe3+ 35. Kf3 Bb6 36. Rxf7+ Rxf7 37. Rxf7+ Kh6 38. g4 Re3+ 39. Kg2 Bd8 40. g5+ Bxg5 41. fxg5+ Kxg5 42. Rb7 1-0

[Event "28th CRO-chT 1A-Men 2019"]
[Site "Mali Losinj"]
[Date "2019.10.06"]
[Round "9.24"]
[White "Zivkovic, Nikola"]
[Black "Plenca, Jadranko"]
[Result "0-1"]
[ECO "C91"]
[WhiteElo "2139"]
[BlackElo "2461"]
[Annotator "ChessBase"]
[PlyCount "70"]
[EventDate "2019.09.28"]
[EventType "team-tourn"]
[EventCountry "CRO"]
[SourceTitle "playchess.com"]
[Source "ChessBase"]
[SourceQuality "1"]
[TimeControl "40/5400+30:1800+30"]

1. e4 e5 2. Nf3 Nc6 3. Bb5 a6 4. Ba4 Nf6 5. O-O b5 6. Bb3 Bb7 7. Re1 Be7 8. c3 O-O 9. d4 d6 10. Nbd2 h6 11. Nf1 Re8 12. Ng3 Bf8 13. a4 exd4 14. cxd4 Na5 15. Bc2 c5 16. d5 g6 17. Nd2 Bg7 18. f4 c4 19. h3 b4 20. Nf3 b3 21. Bb1 c3 22. bxc3 b2 23. Bxb2 Qb6+ 24. Kh2 Qxb2 25. Bd3 Qxc3 26. Rc1 Qa3 27. Rb1 Rac8 28. Rb6 Nd7 29. Rb1 Rc3 30. Bf1 Nc5 31. Qd2 Nab3 32. Qf2 Qxa4 33. e5 Qxf4 34. e6 fxe6 35. Kh1 Bd4 0-1

[Event "28th CRO-chT 1A-Men 2019"]
[Site "Mali Losinj"]
[Date "2019.10.06"]
[Round "9.30"]
[White "Brumen, Dinko"]
[Black "Feletar, Darko"]
[Result "1/2-1/2"]
[ECO "D14"]
[WhiteElo "2317"]
[BlackElo "2356"]
[Annotator "ChessBase"]
[PlyCount "20"]
[EventDate "2019.09.28"]
[EventType "team-tourn"]
[EventCountry "CRO"]
[SourceTitle "playchess.com"]
[Source "ChessBase"]
[SourceQuality "1"]
[TimeControl "40/5400+30:1800+30"]

1. d4 d5 2. Nf3 Nf6 3. c4 c6 4. cxd5 cxd5 5. Nc3 Nc6 6. Bf4 Bf5 7. e3 e6 8. Bd3 Bxd3 9. Qxd3 Bd6 10. Bxd6 Qxd6 1/2-1/2